AoeStats
← jpierred

Arabia

507620450Analyzed
1v1 RM · 14d ago on Sep 19, 2026· 36m 31s· 2 players
Game mode
Random Map
Map size
Tiny (2 player)
Population
200
Speed
Normal
Resources
Standard
Victory
Conquest
Starting age
Dark Age
Ending age
Imperial Age
RankedLock teamsTeams togetherTeam positionsShared explorationLock speedFull tech treeHidden civsTurbo modeCheats
Victory
Defeat
🇲🇽 Magyars · Mexico
846
+17
🇧🇷 Tupi · Brazil
861
-46
ROROGA
11:12 Feudal Age
14:14 Bloodlines
14:20 Bloodlines
14:23 Bloodlines
14:32 Bloodlines
17:00 Wheelbarrow
16:12 Double-Bit Axe
21:46 Castle Age
20:31 Horse Collar
20:48 Stone Mining
20:48 Gold Mining
21:47 Man-at-Arms
22:47 Husbandry
24:08 Bow Saw
28:21 Gold Shaft Mining
29:22 Hand Cart
28:52 Town Watch
28:53 Loom
37:13 Imperial Age
34:46 Town Patrol
jpierred
6:22 Loom
9:57 Feudal Age
12:34 Double-Bit Axe
20:46 Castle Age
21:04 Scale Mail Armor
22:53 Chain Mail Armor
24:18 Bow Saw
23:56 Horse Collar
24:03 Pikeman
25:04 Forging
30:17 Iron Casting
Connection lost

Rejoining the realm…

Still unreachable

The connection could not be restored.

Session expired

The server has moved on; the page needs a fresh start.